SNL (28 & UNDER)
BEAUMONT ROUGHNECKS @ WICHITA WRANGLERS
04/29/2028
 
TOP OF THE 1ST
Beaumont Roughnecks batting - Pitching for Wichita Wranglers : RHP John Drake
Pitching: RHP John Drake
Batting: LHB Tony Rivera 0-0: Ball
1-0: Called Strike
1-1: Ball
2-1: Ball
3-1: Foul Ball, location: 2F
3-2: Fly out, F7 (Flyball, 7)
Batting: RHB Darwin Crane 0-0: Called Strike
0-1: Ground out 6-3 (Groundball, 6)
Batting: LHB Cam Flowers 0-0: Ball
1-0: Foul Ball, location: 2F
1-1: Called Strike
1-2: SINGLE (Flyball, 8LS)
Batting: RHB Si-xun Li 0-0: Ball
1-0: SINGLE (Groundball, 56D)
Cam Flowers to second
Batting: LHB Bernardo Morales 0-0: Foul Ball, location: 2F
0-1: Swinging Strike
0-2: Fly out, F7 (Line Drive, 7)
Top of the 1st over - 0 run(s), 2 hit(s), 0 error(s), 2 left on base; Beaumont 0 - Wichita 0
BOTTOM OF THE 1ST
Wichita Wranglers batting - Pitching for Beaumont Roughnecks : RHP Jeff Thompson
Pitching: RHP Jeff Thompson
Batting: RHB José López 0-0: Ground out 6-3 (Groundball, 6M)
Batting: SHB Wayne Matthews 0-0: Ball
1-0: Ball
2-0: Foul Ball, location: 2F
2-1: Called Strike
2-2: Ball
3-2: Strikes out swinging
Batting: SHB Juan Glaviz 0-0: Called Strike
0-1: Ball
1-1: Ball
2-1: SINGLE (Groundball, 4MD)
Batting: RHB Félix Gonzáles 0-0: Called Strike
0-1: Foul Ball, location: 2F
0-2: Ball
1-2: Strikes out looking
Bottom of the 1st over - 0 run(s), 1 hit(s), 0 error(s), 1 left on base; Beaumont 0 - Wichita 0
TOP OF THE 2ND
Beaumont Roughnecks batting - Pitching for Wichita Wranglers : RHP John Drake
Batting: LHB Enrique Cruz 0-0: Ball
1-0: SINGLE (Flyball, 89S)
Batting: RHB Albert Alemán 0-0: Called Strike
0-1: Foul Ball, location: 2F
0-2: Ball
1-2: Fly out, F9 (Flyball, 89S)
Batting: RHB Miguel Costa 0-0: DOUBLE (Line Drive, 3D)
Enrique Cruz to third
Batting: RHB António Aguilar 0-0: DOUBLE (Line Drive, 78D)
Enrique Cruz scores
Miguel Costa scores
Batting: LHB Tony Rivera 0-0: Ball
1-0: Swinging Strike
1-1: Foul Ball, location: 2F
1-2: Strikes out looking
Batting: RHB Darwin Crane 0-0: Called Strike
0-1: Ball
1-1: Ball
2-1: Ball
3-1: Called Strike
3-2: Ground out 5-3 (Groundball, 56)
Top of the 2nd over - 2 run(s), 3 hit(s), 0 error(s), 1 left on base; Beaumont 2 - Wichita 0
BOTTOM OF THE 2ND
Wichita Wranglers batting - Pitching for Beaumont Roughnecks : RHP Jeff Thompson
Batting: LHB Richard Hinkle 0-0: Called Strike
0-1: Ball
1-1: Swinging Strike
1-2: SINGLE (Popup, 5D)
Batting: RHB Oliver Todd 0-0: Ball
1-0: Grounds into double play, 6-4-3 (Groundball, 6)
Batting: RHB Hubert MacDonald 0-0: Foul Ball, location: 2F
0-1: SOLO HOME RUN (Flyball, 7D), Distance : 357 ft
Batting: RHB Rusty Bennett 0-0: Foul Ball, location: 2F
0-1: Ground out 4-3 (Groundball, 4M)
Bottom of the 2nd over - 1 run(s), 2 hit(s), 0 error(s), 0 left on base; Beaumont 2 - Wichita 1
TOP OF THE 3RD
Beaumont Roughnecks batting - Pitching for Wichita Wranglers : RHP John Drake
Batting: LHB Cam Flowers 0-0: Ball
1-0: Called Strike
1-1: Foul Ball, location: 2F
1-2: Ball
2-2: DOUBLE (Line Drive, 9LM)
Batting: RHB Si-xun Li 0-0: Swinging Strike
0-1: Swinging Strike
0-2: Foul Ball, location: 2F
0-2: Ball
1-2: Foul Ball, location: 2F
1-2: Strikes out swinging
Batting: LHB Bernardo Morales 0-0: Swinging Strike
0-1: Fly out, F8 (Flyball, 8RM)
Batting: LHB Enrique Cruz 0-0: Swinging Strike
0-1: Foul Ball, location: 2F
0-2: Ball
1-2: Strikes out swinging
Top of the 3rd over - 0 run(s), 1 hit(s), 0 error(s), 1 left on base; Beaumont 2 - Wichita 1
BOTTOM OF THE 3RD
Wichita Wranglers batting - Pitching for Beaumont Roughnecks : RHP Jeff Thompson
Batting: SHB Lewis Woods 0-0: Ball
1-0: Swinging Strike
1-1: Ball
2-1: Foul Ball, location: 2F
2-2: Fly out, F4 (Popup, 4D)
Batting: RHB José López 0-0: Swinging Strike
0-1: Ball
1-1: Swinging Strike
1-2: SINGLE (Line Drive, 6)
Batting: SHB Wayne Matthews 0-0: Ball
José López is caught stealing 2nd base
1-0: Called Strike
1-1: Called Strike
1-2: Foul Ball, location: 2F
1-2: Strikes out swinging
Bottom of the 3rd over - 0 run(s), 1 hit(s), 0 error(s), 0 left on base; Beaumont 2 - Wichita 1
TOP OF THE 4TH
Beaumont Roughnecks batting - Pitching for Wichita Wranglers : RHP John Drake
Batting: RHB Albert Alemán 0-0: Called Strike
0-1: Ball
1-1: Foul Ball, location: 2F
1-2: Ball
2-2: Strikes out swinging
Batting: RHB Miguel Costa 0-0: Ball
1-0: Called Strike
1-1: Ball
2-1: Bunt for hit - play at first, batter OUT! 1-3
Batting: RHB António Aguilar 0-0: Ball
1-0: SINGLE (Line Drive, 7S)
Batting: LHB Tony Rivera 0-0: Foul Ball, location: 2F
0-1: Fielders Choice at 2nd, 4-6 (Groundball, 34)
Top of the 4th over - 0 run(s), 1 hit(s), 0 error(s), 0 left on base; Beaumont 2 - Wichita 1
BOTTOM OF THE 4TH
Wichita Wranglers batting - Pitching for Beaumont Roughnecks : RHP Jeff Thompson
Batting: SHB Juan Glaviz 0-0: Called Strike
0-1: Foul Ball, location: 2F
0-2: Ground out 3-1 (Groundball, 34)
Batting: RHB Félix Gonzáles 0-0: Ball
1-0: Called Strike
1-1: Foul Ball, location: 2F
1-2: Ball
2-2: Ball
3-2: Base on Balls
Batting: LHB Richard Hinkle 0-0: Foul Ball, location: 2F
0-1: Fly out, F8 (Flyball, 8LXD)
Batting: RHB Oliver Todd 0-0: Called Strike
0-1: Ball
1-1: Swinging Strike
1-2: Fly out, F8 (Flyball, 78D)
Bottom of the 4th over - 0 run(s), 0 hit(s), 0 error(s), 1 left on base; Beaumont 2 - Wichita 1
TOP OF THE 5TH
Beaumont Roughnecks batting - Pitching for Wichita Wranglers : RHP John Drake
Batting: RHB Darwin Crane 0-0: Called Strike
0-1: Ball
1-1: Foul Ball, location: 2F
1-2: Strikes out swinging
Batting: LHB Cam Flowers 0-0: Foul Ball, location: 2F
0-1: Ground out 4-3 (Groundball, 4)
Batting: RHB Si-xun Li 0-0: Foul Ball, location: 2F
0-1: Ball
1-1: Foul Ball, location: 2F
1-2: Strikes out swinging
Top of the 5th over - 0 run(s), 0 hit(s), 0 error(s), 0 left on base; Beaumont 2 - Wichita 1
BOTTOM OF THE 5TH
Wichita Wranglers batting - Pitching for Beaumont Roughnecks : RHP Jeff Thompson
Batting: RHB Hubert MacDonald 0-0: Ball
1-0: Foul Ball, location: 2F
1-1: Ball
2-1: Ball
3-1: Fly out, F8 (Line Drive, 8LM)
Batting: RHB Rusty Bennett 0-0: Fly out, F7 (Flyball, 78D)
Batting: SHB Lewis Woods 0-0: Ball
1-0: Called Strike
1-1: Foul Ball, location: 2F
1-2: Ball
2-2: Foul Ball, location: 2F
2-2: Ground out 6-3 (Groundball, 6S)
Bottom of the 5th over - 0 run(s), 0 hit(s), 0 error(s), 0 left on base; Beaumont 2 - Wichita 1
TOP OF THE 6TH
Beaumont Roughnecks batting - Pitching for Wichita Wranglers : RHP John Drake
Batting: LHB Bernardo Morales 0-0: SINGLE (Groundball, 34D)
Batting: LHB Enrique Cruz 0-0: Called Strike
0-1: Ball
1-1: Ball
2-1: Foul Ball, location: 2F
2-2: Ball
3-2: Fly out, F8 (Flyball, 8LM)
Batting: RHB Albert Alemán 0-0: Swinging Strike
0-1: Swinging Strike
0-2: Ball
1-2: Strikes out looking
Batting: RHB Miguel Costa 0-0: Swinging Strike
0-1: Ball
1-1: Foul Ball, location: 2F
1-2: Ball
2-2: Ball
3-2: Strikes out swinging
Top of the 6th over - 0 run(s), 1 hit(s), 0 error(s), 1 left on base; Beaumont 2 - Wichita 1
BOTTOM OF THE 6TH
Wichita Wranglers batting - Pitching for Beaumont Roughnecks : RHP Jeff Thompson
Batting: RHB José López 0-0: Ball
1-0: Ball
2-0: Fly out, F9 (Flyball, 9LM)
Batting: SHB Wayne Matthews 0-0: Ball
1-0: Foul Ball, location: 2F
1-1: Swinging Strike
1-2: SOLO HOME RUN (Flyball, 89XD), Distance : 383 ft
Pitching: RHP Dave Hammond
Batting: SHB Juan Glaviz 0-0: SINGLE (Flyball, 9LS)
Batting: RHB Félix Gonzáles 0-0: Ball
1-0: Ball
Throwing error on steal attempt, E2
Juan Glaviz to third
2-0: Called Strike
2-1: Called Strike
2-2: Foul Ball, location: 2F
2-2: Fly out, F7 (Line Drive, 7S)
Batting: LHB Richard Hinkle 0-0: Called Strike
0-1: Called Strike
0-2: Foul Ball, location: 2F
0-2: SINGLE (Line Drive, 6MD)
Juan Glaviz scores
Batting: RHB Oliver Todd 0-0: Ball
1-0: Ball
2-0: Ball
3-0: Called Strike
3-1: Foul Ball, location: 2F
3-2: Ground out 6-3 (Groundball, 6)
Bottom of the 6th over - 2 run(s), 3 hit(s), 1 error(s), 1 left on base; Beaumont 2 - Wichita 3
TOP OF THE 7TH
Beaumont Roughnecks batting - Pitching for Wichita Wranglers : RHP John Drake
Pitching: RHP Luis Pérez
Batting: RHB António Aguilar 0-0: Ground out 3-1 (Groundball, 34S)
Pitching: LHP Fred Villa
Batting: LHB Tony Rivera 0-0: Called Strike
0-1: Foul Ball, location: 2F
0-2: Foul Ball, location: 2F
0-2: Foul Ball, location: 2F
0-2: Strikes out swinging
Batting: RHB Darwin Crane 0-0: Called Strike
0-1: Ball
1-1: Ball
2-1: Fly out, F6 (Popup, 6D)
Top of the 7th over - 0 run(s), 0 hit(s), 0 error(s), 0 left on base; Beaumont 2 - Wichita 3
BOTTOM OF THE 7TH
Wichita Wranglers batting - Pitching for Beaumont Roughnecks : RHP Dave Hammond
Batting: RHB Hubert MacDonald 0-0: Called Strike
0-1: Foul Ball, location: 2F
0-2: Ball
1-2: Fly out, F6 (Line Drive, 6)
Batting: RHB Rusty Bennett 0-0: Ball
1-0: Ball
2-0: Foul Ball, location: 2F
2-1: Foul Ball, location: 2F
2-2: Foul Ball, location: 2F
2-2: DOUBLE (Line Drive, 9LD)
Pinch Hitting: RHB Gabriel Erwin 0-0: Foul Ball, location: 2F
0-1: Foul Ball, location: 2F
0-2: Foul Ball, location: 2F
0-2: Ball
1-2: Ball
2-2: SINGLE (Line Drive, 7S)
Rusty Bennett to third
Runner from 3rd tries for Home, SAFE, no throw
Pitching: LHP Artie Nelson
Batting: RHB José López 0-0: Ball
1-0: Swinging Strike
1-1: Swinging Strike
1-2: Foul Ball, location: 2F
1-2: Strikes out swinging
Batting: SHB Wayne Matthews 0-0: Swinging Strike
0-1: Ball
1-1: Foul Ball, location: 2F
1-2: Strikes out swinging
Bottom of the 7th over - 1 run(s), 2 hit(s), 0 error(s), 1 left on base; Beaumont 2 - Wichita 4
TOP OF THE 8TH
Beaumont Roughnecks batting - Pitching for Wichita Wranglers : LHP Fred Villa
Pitching: RHP Juan Vázquez
Now in RF: Gabriel Erwin
Batting: LHB Cam Flowers 0-0: Called Strike
0-1: Ball
1-1: Foul Ball, location: 2F
1-2: Ground out 4-3 (Groundball, 4)
Batting: RHB Si-xun Li 0-0: SINGLE (Flyball, 8RS)
Pitching: LHP Jeff Jackson
Batting: LHB Bernardo Morales 0-0: Called Strike
0-1: Ball
1-1: Foul Ball, location: 2F
1-2: Ball
2-2: Ball
3-2: Strikes out looking
Batting: LHB Enrique Cruz 0-0: Foul Ball, location: 2F
0-1: Ball
1-1: Ball
2-1: Ball
3-1: Swinging Strike
3-2: Base on Balls
Si-xun Li to second
Pitching: RHP Lester Williams
Batting: RHB Albert Alemán 0-0: Foul Ball, location: 2F
0-1: Ball
1-1: Ball
2-1: Called Strike
2-2: Ball
3-2: Fly out, F2 (Popup, 34S)
Top of the 8th over - 0 run(s), 1 hit(s), 0 error(s), 2 left on base; Beaumont 2 - Wichita 4
BOTTOM OF THE 8TH
Wichita Wranglers batting - Pitching for Beaumont Roughnecks : LHP Artie Nelson
Batting: SHB Juan Glaviz 0-0: Called Strike
0-1: Ball
1-1: Foul Ball, location: 2F
1-2: Strikes out swinging
Batting: RHB Félix Gonzáles 0-0: Foul Ball, location: 2F
0-1: Ground out 6-3 (Groundball, 6)
Batting: LHB Richard Hinkle 0-0: Called Strike
0-1: Ground out 4-3 (Groundball, 34)
Bottom of the 8th over - 0 run(s), 0 hit(s), 0 error(s), 0 left on base; Beaumont 2 - Wichita 4
TOP OF THE 9TH
Beaumont Roughnecks batting - Pitching for Wichita Wranglers : RHP Lester Williams
Pitching: RHP Todd Brewster
Batting: RHB Miguel Costa 0-0: SINGLE (Groundball, 56D)
Batting: RHB António Aguilar 0-0: Ball
1-0: Called Strike
1-1: Foul Ball, location: 2F
1-2: Foul Ball, location: 2F
1-2: Foul Ball, location: 2F
1-2: Foul Ball, location: 2F
1-2: 2-RUN HOME RUN (Line Drive, 9D), Distance : 369 ft
Batting: LHB Tony Rivera 0-0: Ball
1-0: Called Strike
1-1: Foul Ball, location: 2F
1-2: Ball
2-2: Ball
3-2: SINGLE (Line Drive, 3D)
Batting: RHB Darwin Crane 0-0: Called Strike
0-1: Foul Ball, location: 2F
0-2: Foul Ball, location: 2F
0-2: Ball
1-2: Strikes out swinging
Batting: LHB Cam Flowers 0-0: Called Strike
0-1: Called Strike
0-2: Foul Ball, location: 2F
0-2: Foul Ball, location: 2F
0-2: Foul Ball, location: 2F
0-2: Foul Ball, location: 2F
0-2: Ball
1-2: Ball
2-2: Fly out, F6 (Line Drive, 6)
Batting: RHB Si-xun Li 0-0: Ball
Tony Rivera is caught stealing 2nd base
Top of the 9th over - 2 run(s), 3 hit(s), 0 error(s), 0 left on base; Beaumont 4 - Wichita 4
BOTTOM OF THE 9TH
Wichita Wranglers batting - Pitching for Beaumont Roughnecks : LHP Artie Nelson
Batting: RHB Oliver Todd 0-0: Called Strike
0-1: SINGLE (Line Drive, 7LS)
Batting: RHB Hubert MacDonald 0-0: Ball
1-0: Ball
2-0: Bunted foul
2-1: Bunted foul
2-2: Foul Ball, location: 2F
2-2: Ball
3-2: Fly out, F7 (Flyball, 7S)
Batting: RHB Rusty Bennett 0-0: Swinging Strike
0-1: Fly out, F8 (Flyball, 8RD)
Batting: RHB Gabriel Erwin 0-0: Ball
1-0: Fly out, F7 (Flyball, 78S)
Bottom of the 9th over - 0 run(s), 1 hit(s), 0 error(s), 1 left on base; Beaumont 4 - Wichita 4
TOP OF THE 10TH
Beaumont Roughnecks batting - Pitching for Wichita Wranglers : RHP Todd Brewster
Batting: RHB Si-xun Li 0-0: Ball
1-0: Fly out, F7 (Flyball, 7)
Batting: LHB Bernardo Morales 0-0: Ball
1-0: Called Strike
1-1: Called Strike
1-2: Foul Ball, location: 2F
1-2: Ball
2-2: Ball
3-2: Foul Ball, location: 2F
3-2: SINGLE (Groundball, 56D)
Batting: LHB Enrique Cruz 0-0: Called Strike
0-1: Swinging Strike
0-2: Ball
1-2: Strikes out looking
Batting: RHB Albert Alemán 0-0: Called Strike
0-1: Ball
Wild Pitch!
Bernardo Morales to second
1-1: Ball
2-1: Ball
3-1: Base on Balls
Batting: RHB Miguel Costa 0-0: Ball
1-0: SINGLE (Groundball, 4MD)
Bernardo Morales to third
Albert Alemán to second
Runner from 3rd tries for Home, SAFE, no throw
Pitching: RHP José López
Batting: RHB António Aguilar 0-0: Called Strike
0-1: Ball
1-1: Called Strike
1-2: Strikes out looking
Top of the 10th over - 1 run(s), 2 hit(s), 0 error(s), 2 left on base; Beaumont 5 - Wichita 4
BOTTOM OF THE 10TH
Wichita Wranglers batting - Pitching for Beaumont Roughnecks : LHP Artie Nelson
Pinch Hitting: SHB José López 0-0: Ball
1-0: Foul Ball, location: 2F
1-1: Ground out 4-3 (Groundball, 4)
Pinch Hitting: RHB Santiago Morales 0-0: Called Strike
0-1: Foul Ball, location: 2F
0-2: Ball
1-2: SINGLE (Groundball, 56D)
Batting: SHB Juan Glaviz 0-0: Fly out, F9 (Flyball, 9D)
Batting: RHB Félix Gonzáles 0-0: Called Strike
0-1: Ball
1-1: Swinging Strike
1-2: Ball
2-2: SINGLE (Flyball, 8RS)
Santiago Morales to second
Runner from 2nd tries for 3rd, OUT!
Bottom of the 10th over - 0 run(s), 2 hit(s), 0 error(s), 1 left on base; Beaumont 5 - Wichita 4
Tuesday, August 8th, 2017 - OOTP Baseball 17.12 Build 75